[Event "9th RTU Open 2019"]
[Site "Riga"]
[Date "2019.08.06"]
[Round "3.4"]
[White "Gajewski, Grzegorz"]
[Black "Haria, Ravi"]
[Result "1/2-1/2"]
[ECO "E27"]
[WhiteElo "2613"]
[BlackElo "2430"]
[Annotator "ChessBase"]
[PlyCount "105"]
[EventDate "2019.08.05"]
[EventType "swiss"]
[EventCountry "LAT"]
[SourceTitle "playchess.com"]
[Source "ChessBase"]
[SourceQuality "1"]
[TimeControl "5400+30"]

1. d4 e6 2. c4 d5 3. Nc3 Bb4 4. a3 Bxc3+ 5. bxc3 Nf6 6. cxd5 exd5 7. e3 Bf5 8. Ne2 O-O 9. f3 Nc6 10. Ra2 Ne7 11. Ng3 Bg6 12. Bd3 c5 13. O-O Rc8 14. Bxg6 hxg6 15. e4 cxd4 16. cxd4 Qd7 17. Bg5 Rc4 18. Rd2 Rfc8 19. Rd3 Nh7 20. Be3 Nf8 21. h4 Ne6 22. Qe1 Qc7 23. h5 g5 24. Nf5 Nxf5 25. exf5 Nf4 26. Bxf4 Qxf4 27. Qe5 Rc2 28. Qxf4 gxf4 29. Kh2 R8c3 30. Rxc3 Rxc3 31. Rb1 b6 32. Rb5 Rxa3 33. Rxd5 Rd3 34. Kh3 f6 35. Kg4 Rd2 36. Kxf4 Rxg2 37. Rd8+ Kh7 38. Ke3 a5 39. d5 Rg1 40. Kd2 Rg5 41. Kd3 Rxf5 42. Kc4 Rxh5 43. Kb5 Kg6 44. Kxb6 Kf7 45. Kc6 Rf5 46. Rd7+ Kf8 47. Ra7 Rxf3 48. d6 Rc3+ 49. Kd7 g5 50. Rc7 Rd3 51. Kc6 Rc3+ 52. Kd7 Rd3 53. Kc6 1/2-1/2

[Event "9th RTU Open 2019"]
[Site "Riga"]
[Date "2019.08.06"]
[Round "3.5"]
[White "Mohammad Nubairshah Shaikh"]
[Black "Svane, Rasmus"]
[Result "1/2-1/2"]
[ECO "D24"]
[WhiteElo "2449"]
[BlackElo "2615"]
[Annotator "ChessBase"]
[PlyCount "39"]
[EventDate "2019.08.05"]
[EventType "swiss"]
[EventCountry "LAT"]
[SourceTitle "playchess.com"]
[Source "ChessBase"]
[SourceQuality "1"]
[TimeControl "5400+30"]

1. Nf3 d5 2. d4 Nf6 3. c4 e6 4. Nc3 dxc4 5. e3 a6 6. a4 b6 7. Bxc4 Bb7 8. O-O Bb4 9. Qe2 O-O 10. Bd3 c5 11. Rd1 cxd4 12. exd4 Nbd7 13. Bg5 Bxc3 14. bxc3 Qc7 15. c4 h6 16. Bc1 Rfe8 17. Ne5 Nxe5 18. Qxe5 Qxe5 19. dxe5 Nd7 20. Bh7+ 1/2-1/2

[Event "9th RTU Open 2019"]
[Site "Riga"]
[Date "2019.08.06"]
[Round "3.6"]
[White "Mammadzada, Gunay"]
[Black "Gopal G.N."]
[Result "0-1"]
[ECO "B90"]
[WhiteElo "2427"]
[BlackElo "2594"]
[Annotator "ChessBase"]
[PlyCount "82"]
[EventDate "2019.08.05"]
[EventType "swiss"]
[EventCountry "LAT"]
[SourceTitle "playchess.com"]
[Source "ChessBase"]
[SourceQuality "1"]
[TimeControl "5400+30"]

1. e4 c5 2. Nf3 d6 3. d4 cxd4 4. Nxd4 Nf6 5. Nc3 a6 6. Be3 e5 7. Nb3 Be6 8. Qd2 Nbd7 9. O-O-O Be7 10. f4 b5 11. Kb1 O-O 12. f5 Bc4 13. Rg1 Bxf1 14. Rdxf1 b4 15. Nd5 a5 16. g4 a4 17. Nc1 Nxd5 18. exd5 Qa5 19. g5 Bd8 20. f6 g6 21. Rg4 Bb6 22. Rd1 Rfc8 23. Rh4 h5 24. gxh6 Kh7 25. Bg5 Bd4 26. Ne2 Bc5 27. Rg4 Qb6 28. b3 axb3 29. cxb3 Ra3 30. h4 Bd4 31. h5 Qa6 32. hxg6+ fxg6 33. Nxd4 exd4 34. Bh4 Ra8 35. Qc2 d3 36. Qc4 Rxa2 37. Qxa6 R8xa6 38. Kc1 Nc5 39. f7 d2+ 40. Rxd2 Nxb3+ 41. Kb1 Nxd2+ 0-1

[Event "9th RTU Open 2019"]
[Site "Riga"]
[Date "2019.08.06"]
[Round "3.7"]
[White "Dastan, Muhammed Batuhan"]
[Black "Low, Zhen Yu Cyrus"]
[Result "1/2-1/2"]
[ECO "B56"]
[WhiteElo "2565"]
[BlackElo "2413"]
[Annotator "ChessBase"]
[PlyCount "129"]
[EventDate "2019.08.05"]
[EventType "swiss"]
[EventCountry "LAT"]
[SourceTitle "playchess.com"]
[Source "ChessBase"]
[SourceQuality "1"]
[TimeControl "5400+30"]

1. e4 c5 2. Nf3 Nc6 3. d4 cxd4 4. Nxd4 Nf6 5. Nc3 d6 6. f3 e5 7. Nb3 Be6 8. Nd5 Bxd5 9. exd5 Ne7 10. Bg5 Nd7 11. Qd2 h6 12. Be3 Nf5 13. Bf2 Be7 14. Bd3 Nh4 15. O-O O-O 16. Qb4 Nb6 17. Bxb6 axb6 18. g3 Ng6 19. Bxg6 fxg6 20. Nd2 Qc7 21. Qe4 b5 22. Qd3 Rfc8 23. c3 b4 24. Ne4 bxc3 25. Nxc3 Kh7 26. Kg2 Qc4 27. Rad1 b5 28. a3 b4 29. axb4 Qxb4 30. Rf2 Rab8 31. Ra1 Qc4 32. Qe4 Rb7 33. Qc2 Rcb8 34. Ra4 Qc5 35. Ra2 Bd8 36. Qd3 Rb3 37. Qd1 R3b4 38. Re2 Rd4 39. Qc2 Ba5 40. h4 h5 41. Ne4 Qxc2 42. Rxc2 Rxd5 43. b4 Bxb4 44. Rc7 Ra5 45. Ng5+ Kg8 46. Rac2 Rc5 47. R2xc5 Bxc5 48. Ne6 Kh8 49. Rxg7 Rb2+ 50. Kh3 Bg1 51. g4 hxg4+ 52. Kxg4 Rg2+ 53. Kh3 Rh2+ 54. Kg3 e4 55. fxe4 Re2 56. Rd7 Bh2+ 57. Kf3 Re1 58. Kf2 Rb1 59. Rd8+ Kh7 60. Rd7+ Kh8 61. Ng5 Kg8 62. Rd8+ Kg7 63. Rd7+ Kg8 64. Rd8+ Kg7 65. Rd7+ 1/2-1/2

[Event "9th RTU Open 2019"]
[Site "Riga"]
[Date "2019.08.06"]
[Round "3.8"]
[White "Gretarsson, Helgi Ass"]
[Black "Michalik, Peter"]
[Result "0-1"]
[ECO "E11"]
[WhiteElo "2412"]
[BlackElo "2573"]
[Annotator "ChessBase"]
[PlyCount "62"]
[EventDate "2019.08.05"]
[EventType "swiss"]
[EventCountry "LAT"]
[SourceTitle "playchess.com"]
[Source "ChessBase"]
[SourceQuality "1"]
[TimeControl "5400+30"]

1. d4 Nf6 2. c4 e6 3. Nf3 d5 4. g3 Bb4+ 5. Bd2 Be7 6. Bg2 O-O 7. O-O c6 8. Qc2 Nbd7 9. Rd1 b6 10. Bg5 Ba6 11. Nbd2 Rc8 12. Rac1 h6 13. Bxf6 Nxf6 14. e4 Bb7 15. c5 Ba6 16. exd5 exd5 17. Bh3 Rc7 18. Ne5 bxc5 19. dxc5 Bc8 20. Bxc8 Qxc8 21. Qa4 Re8 22. Re1 Bf8 23. Qf4 Rce7 24. b4 Ne4 25. Rxe4 dxe4 26. Ndc4 Qe6 27. Rd1 f6 28. Rd6 fxe5 29. Qxe4 Qf7 30. Rxc6 Rd7 31. Nxe5 Rd5 0-1

[Event "9th RTU Open 2019"]
[Site "Riga"]
[Date "2019.08.06"]
[Round "3.9"]
[White "Nguyen, Piotr"]
[Black "Puranik, Abhimanyu"]
[Result "0-1"]
[ECO "A03"]
[WhiteElo "2420"]
[BlackElo "2550"]
[Annotator "ChessBase"]
[PlyCount "62"]
[EventDate "2019.08.05"]
[EventType "swiss"]
[EventCountry "LAT"]
[SourceTitle "playchess.com"]
[Source "ChessBase"]
[SourceQuality "1"]
[TimeControl "5400+30"]

1. f4 d5 2. Nf3 g6 3. g3 Bg7 4. Bg2 c5 5. O-O Nf6 6. d3 O-O 7. Nc3 d4 8. Na4 Qa5 9. b3 Nbd7 10. e4 dxe3 11. Bb2 Qc7 12. Qe2 b6 13. f5 Bb7 14. fxg6 hxg6 15. Qxe3 Rae8 16. Rae1 e5 17. Nc3 Nh7 18. Nh4 Bxg2 19. Kxg2 Nb8 20. g4 Nc6 21. Ne4 Nd4 22. Bxd4 cxd4 23. Qg3 Qxc2+ 24. Rf2 Qc6 25. g5 Re6 26. Ref1 Qc7 27. Nf3 Rc6 28. Nfd2 Rc1 29. Qh4 Rxf1 30. Rxf1 Qc2 31. Qh3 Nxg5 0-1

[Event "9th RTU Open 2019"]
[Site "Riga"]
[Date "2019.08.06"]
[Round "3.10"]
[White "Meshkovs, Nikita"]
[Black "Baskin, Robert"]
[Result "1/2-1/2"]
[ECO "D97"]
[WhiteElo "2550"]
[BlackElo "2398"]
[Annotator "ChessBase"]
[PlyCount "21"]
[EventDate "2019.08.05"]
[EventType "swiss"]
[EventCountry "LAT"]
[SourceTitle "playchess.com"]
[Source "ChessBase"]
[SourceQuality "1"]
[TimeControl "5400+30"]

1. d4 Nf6 2. c4 g6 3. Nf3 Bg7 4. Nc3 d5 5. Qb3 dxc4 6. Qxc4 O-O 7. e4 a6 8. Bf4 b5 9. Qb3 Bb7 10. d5 c6 11. Rd1 1/2-1/2

[Event "9th RTU Open 2019"]
[Site "Riga"]
[Date "2019.08.06"]
[Round "3.11"]
[White "Akash G"]
[Black "Deepan Chakkravarthy J."]
[Result "1/2-1/2"]
[ECO "B46"]
[WhiteElo "2394"]
[BlackElo "2532"]
[Annotator "ChessBase"]
[PlyCount "55"]
[EventDate "2019.08.05"]
[EventType "swiss"]
[EventCountry "LAT"]
[SourceTitle "playchess.com"]
[Source "ChessBase"]
[SourceQuality "1"]
[TimeControl "5400+30"]

1. e4 c5 2. Nf3 e6 3. d4 cxd4 4. Nxd4 Nc6 5. Nc3 a6 6. Nxc6 bxc6 7. Bd3 d5 8. O-O Nf6 9. Re1 Be7 10. e5 Nd7 11. Qg4 Kf8 12. Na4 Rb8 13. Bd2 c5 14. c4 d4 15. f4 h5 16. Qh3 g6 17. Re2 Kg7 18. Rf1 Nf8 19. b3 Rh7 20. Nb2 Bb7 21. Nd1 Bc6 22. Nf2 a5 23. Ne4 a4 24. bxa4 Rb2 25. a5 Rxa2 26. Bb1 Ra1 27. Qb3 Nd7 28. Qb2 1/2-1/2

[Event "9th RTU Open 2019"]
[Site "Riga"]
[Date "2019.08.06"]
[Round "3.12"]
[White "Seeman, Tarvo"]
[Black "Gukesh D"]
[Result "1/2-1/2"]
[ECO "A14"]
[WhiteElo "2377"]
[BlackElo "2520"]
[Annotator "ChessBase"]
[PlyCount "193"]
[EventDate "2019.08.05"]
[EventType "swiss"]
[EventCountry "LAT"]
[SourceTitle "playchess.com"]
[Source "ChessBase"]
[SourceQuality "1"]
[TimeControl "5400+30"]

1. Nf3 d5 2. g3 Nf6 3. Bg2 e6 4. O-O Be7 5. b3 O-O 6. Bb2 c5 7. e3 Nc6 8. c4 d4 9. exd4 cxd4 10. Re1 Re8 11. Ne5 Nxe5 12. Rxe5 Nd7 13. Re1 e5 14. d3 Bb4 15. Re2 Bd6 16. Nd2 Nc5 17. Ba3 Bg4 18. Bf3 Bxf3 19. Nxf3 b6 20. Bxc5 bxc5 21. Qf1 Bc7 22. Qg2 Rb8 23. Rae1 Ba5 24. Rd1 Qf6 25. h4 h6 26. h5 Rb6 27. Re4 Bc3 28. Rc1 Rbe6 29. Rc2 Ba5 30. Rce2 Bc7 31. Qh1 Rf8 32. g4 Qe7 33. Qh3 a5 34. Kg2 Qe8 35. Nh4 Bd8 36. Nf3 Bc7 37. Nh4 a4 38. Nf5 axb3 39. axb3 Qb8 40. f4 Qxb3 41. fxe5 Rfe8 42. Qg3 Qb8 43. Nd6 R8e7 44. Nf5 Re8 45. Nd6 Rd8 46. Nb5 Rd7 47. Nxc7 Qxc7 48. Qf3 Rde7 49. Qf5 Qb7 50. Qf3 Qb8 51. Qf5 Qb1 52. Qf3 Ra7 53. Re1 Ra2+ 54. Kh3 Qb3 55. Rf1 Kh8 56. Ree1 Qc2 57. Qg3 Kg8 58. Ra1 Rea6 59. Rac1 Qd2 60. Rcd1 Qc2 61. Rc1 Qd2 62. Rcd1 Qe3 63. Qxe3 dxe3 64. Rde1 e2 65. Rf2 R6a3 66. Rfxe2 Rxd3+ 67. Kg2 Rxe2+ 68. Rxe2 Rd4 69. Kf3 Rxc4 70. e6 fxe6 71. Rxe6 Rd4 72. Rc6 Rd5 73. Rc7 Kf8 74. Rc8+ Kf7 75. Rc7+ Kf6 76. Rc6+ Ke7 77. Rc7+ Kf8 78. Rc8+ Kf7 79. Rc7+ Kg8 80. Rc8+ Kh7 81. Ke4 Rd4+ 82. Kf5 Rc4 83. Rc7 Rc1 84. Rc8 c4 85. Kf4 c3 86. Kf3 c2 87. Kg2 g5 88. hxg6+ Kxg6 89. Rc5 Kf6 90. Kh2 Ke6 91. Kg2 Kd6 92. Rc8 Ke5 93. Rc5+ Kf4 94. Rc4+ Ke3 95. Rc8 Kd3 96. Rd8+ Ke4 97. Rc8 1/2-1/2

[Event "9th RTU Open 2019"]
[Site "Riga"]
[Date "2019.08.06"]
[Round "3.13"]
[White "Nevednichy, Vladislav"]
[Black "Baum, Jonasz"]
[Result "1-0"]
[ECO "D42"]
[WhiteElo "2531"]
[BlackElo "2308"]
[Annotator "ChessBase"]
[PlyCount "83"]
[EventDate "2019.08.05"]
[EventType "swiss"]
[EventCountry "LAT"]
[SourceTitle "playchess.com"]
[Source "ChessBase"]
[SourceQuality "1"]
[TimeControl "5400+30"]

1. e4 c6 2. c4 d5 3. exd5 cxd5 4. cxd5 Nf6 5. Nc3 Nxd5 6. Nf3 e6 7. d4 Be7 8. Bd3 O-O 9. O-O Nc6 10. Re1 Bf6 11. Be4 Nce7 12. Qd3 g6 13. h4 h5 14. Bh6 Bg7 15. Bg5 Nf6 16. Rad1 Nxe4 17. Qxe4 f6 18. Bc1 Qa5 19. d5 Nxd5 20. Nxd5 exd5 21. Qxg6 Qc7 22. Qxh5 Qf7 23. Qxd5 Qxd5 24. Rxd5 Bg4 25. Nh2 Rfe8 26. Rxe8+ Rxe8 27. Nxg4 Re1+ 28. Kh2 Rxc1 29. Rd8+ Kh7 30. Rd7 f5 31. Ne3 Kh8 32. Rxb7 Be5+ 33. g3 f4 34. Ng4 fxg3+ 35. fxg3 Rc2+ 36. Kh3 Bxb2 37. Rxa7 Bd4 38. Rd7 Rc4 39. Re7 Rc2 40. a4 Ra2 41. Re4 Rxa4 42. Nh2 1-0

[Event "9th RTU Open 2019"]
[Site "Riga"]
[Date "2019.08.06"]
[Round "3.14"]
[White "Vishnu Prasanna. V"]
[Black "Kramer, Julian"]
[Result "1-0"]
[ECO "C78"]
[WhiteElo "2505"]
[BlackElo "2352"]
[Annotator "ChessBase"]
[PlyCount "93"]
[EventDate "2019.08.05"]
[EventType "swiss"]
[EventCountry "LAT"]
[SourceTitle "playchess.com"]
[Source "ChessBase"]
[SourceQuality "1"]
[TimeControl "5400+30"]

1. e4 e5 2. Nf3 Nc6 3. Bb5 a6 4. Ba4 Nf6 5. O-O b5 6. Bb3 Bc5 7. a4 Rb8 8. c3 d6 9. d4 Bb6 10. a5 Ba7 11. h3 O-O 12. Be3 Ra8 13. Qe2 h6 14. Rd1 Re8 15. Nbd2 Bb7 16. d5 Ne7 17. Bxa7 Rxa7 18. c4 c6 19. dxc6 Nxc6 20. cxb5 Nxa5 21. Bxf7+ Kxf7 22. b4 axb5 23. Qxb5 Ba6 24. Qxa5 Qxa5 25. Rxa5 Raa8 26. b5 Bb7 27. Rxa8 Rxa8 28. Nc4 Nxe4 29. Rxd6 Nxd6 30. Nxd6+ Ke6 31. Nxb7 Kd5 32. Nd2 Ra7 33. Nd8 Ra1+ 34. Nf1 Rb1 35. Nc6 Rxb5 36. Ne7+ Ke6 37. Ng6 Rb1 38. g3 e4 39. Kg2 Rb2 40. Ne3 Ra2 41. h4 Kf6 42. Nf4 g5 43. Nfd5+ Ke5 44. h5 Ra6 45. Ne7 Re6 46. Ng8 g4 47. Nxh6 1-0

[Event "9th RTU Open 2019"]
[Site "Riga"]
[Date "2019.08.06"]
[Round "3.15"]
[White "Varshini, V."]
[Black "Grigorov, Grigor"]
[Result "1/2-1/2"]
[ECO "B18"]
[WhiteElo "2087"]
[BlackElo "2501"]
[Annotator "ChessBase"]
[PlyCount "90"]
[EventDate "2019.08.05"]
[EventType "swiss"]
[EventCountry "LAT"]
[SourceTitle "playchess.com"]
[Source "ChessBase"]
[SourceQuality "1"]
[TimeControl "5400+30"]

1. e4 c6 2. d4 d5 3. Nc3 dxe4 4. Nxe4 Bf5 5. Ng3 Bg6 6. Bc4 Nf6 7. N1e2 e6 8. h4 h6 9. Nf4 Bh7 10. c3 Bd6 11. Nfh5 O-O 12. Nxf6+ Qxf6 13. Qg4 Qg6 14. Qxg6 Bxg6 15. Ne2 Nd7 16. Bf4 Be7 17. O-O-O b5 18. Bd3 Bxd3 19. Rxd3 Nb6 20. Bg3 Rac8 21. Nf4 Rfd8 22. Kc2 Bd6 23. Re1 Bxf4 24. Bxf4 Nd5 25. Bg3 c5 26. dxc5 Rxc5 27. Rd4 Rdc8 28. a4 Rc4 29. Ree4 Nf6 30. Rxc4 bxc4 31. Rd4 Nd5 32. a5 a6 33. Bd6 f6 34. Bb4 Kf7 35. b3 cxb3+ 36. Kxb3 g5 37. c4 Nxb4 38. Kxb4 Ke7 39. hxg5 hxg5 40. Rd2 Rc7 41. Rd3 Rb7+ 42. Kc5 Rc7+ 43. Kb4 Rb7+ 44. Kc5 Rc7+ 45. Kb4 Rb7+ 1/2-1/2

[Event "9th RTU Open 2019"]
[Site "Riga"]
[Date "2019.08.06"]
[Round "3.16"]
[White "Laurusas, Tomas"]
[Black "Sowray, Peter J"]
[Result "1-0"]
[ECO "E01"]
[WhiteElo "2511"]
[BlackElo "2334"]
[Annotator "ChessBase"]
[PlyCount "69"]
[EventDate "2019.08.05"]
[EventType "swiss"]
[EventCountry "LAT"]
[SourceTitle "playchess.com"]
[Source "ChessBase"]
[SourceQuality "1"]
[TimeControl "5400+30"]

1. c4 e6 2. Nf3 d5 3. d4 Nf6 4. g3 dxc4 5. Qc2 a6 6. a4 c5 7. dxc5 Bxc5 8. Bg2 Nbd7 9. O-O Ra7 10. Qxc4 b5 11. Qd3 Bb7 12. axb5 Be4 13. Qd1 axb5 14. Rxa7 Bxa7 15. Nc3 Bc6 16. Nd4 Bxg2 17. Kxg2 b4 18. Ncb5 Qa8+ 19. f3 O-O 20. Nxa7 Qxa7 21. Be3 Qa2 22. Qb3 Ra8 23. Rc1 Qxb3 24. Nxb3 h6 25. Kf2 Nd5 26. Bd2 f5 27. h3 N7b6 28. Rc6 Ra2 29. Bc1 Na4 30. Ra6 Kf7 31. Nc5 Ra1 32. Bf4 Nxc5 33. Rxa1 Kf6 34. Bd6 Nb3 35. Ra4 1-0

[Event "9th RTU Open 2019"]
[Site "Riga"]
[Date "2019.08.06"]
[Round "3.17"]
[White "Lobanov, Sergei"]
[Black "Manish Anto Cristiano F"]
[Result "1-0"]
[ECO "D46"]
[WhiteElo "2505"]
[BlackElo "2208"]
[Annotator "ChessBase"]
[PlyCount "91"]
[EventDate "2019.08.05"]
[EventType "swiss"]
[EventCountry "LAT"]
[SourceTitle "playchess.com"]
[Source "ChessBase"]
[SourceQuality "1"]
[TimeControl "5400+30"]

1. d4 d5 2. c4 c6 3. Nf3 Nf6 4. Nc3 e6 5. e3 Nbd7 6. Qc2 Bd6 7. Bd3 O-O 8. O-O dxc4 9. Bxc4 e5 10. Rd1 Qc7 11. h3 h6 12. b3 Re8 13. a4 Nb6 14. Bf1 e4 15. Nd2 Qe7 16. Nc4 Bc7 17. Ba3 Qe6 18. Nxb6 Bxb6 19. Bc4 Nd5 20. Rac1 Qf5 21. b4 a6 22. Qb3 Be6 23. Nxd5 Bxd5 24. Bxd5 cxd5 25. a5 Bd8 26. Rc5 Bh4 27. Rd2 Red8 28. b5 axb5 29. Rxb5 Rd7 30. Bc5 Bd8 31. Ra2 Kh7 32. Bb6 Be7 33. Rc2 g5 34. Rc7 Rad8 35. Rxd7 Rxd7 36. Bc5 Bd8 37. Qb1 Qe6 38. Bb6 Be7 39. Qc2 g4 40. hxg4 Qxg4 41. Rb1 Rd6 42. Bc5 Rg6 43. f3 exf3 44. Bxe7 Qe6 45. Bh4 Qh3 46. Qxg6+ {[%emt 0:00:03] Qe6 Qc2+} 1-0

[Event "9th RTU Open 2019"]
[Site "Riga"]
[Date "2019.08.06"]
[Round "3.18"]
[White "Zanan, Evgeny"]
[Black "Afanasiev, Vadim"]
[Result "1/2-1/2"]
[ECO "B15"]
[WhiteElo "2505"]
[BlackElo "2263"]
[Annotator "ChessBase"]
[PlyCount "75"]
[EventDate "2019.08.05"]
[EventType "swiss"]
[EventCountry "LAT"]
[SourceTitle "playchess.com"]
[Source "ChessBase"]
[SourceQuality "1"]
[TimeControl "5400+30"]

1. e4 c6 2. d4 d5 3. Nc3 dxe4 4. Nxe4 Nf6 5. Nxf6+ exf6 6. c3 Bd6 7. Bd3 O-O 8. Ne2 Qc7 9. Qc2 h5 10. Be3 Re8 11. O-O-O Nd7 12. Kb1 h4 13. h3 Nf8 14. c4 Ne6 15. c5 Bf4 16. Rhe1 Bd7 17. Nc3 Ng5 18. Qd2 Bxe3 19. fxe3 b6 20. cxb6 axb6 21. e4 c5 22. e5 cxd4 23. exf6 Rxe1 24. Rxe1 dxc3 25. Qxg5 Qg3 26. Qxg3 hxg3 27. bxc3 Be6 28. c4 gxf6 29. Re3 Kf8 30. Rxg3 Ra4 31. Rf3 Ke7 32. Re3 Kd6 33. Kb2 b5 34. cxb5 Rxa2+ 35. Kc3 Rxg2 36. Rf3 Rh2 37. Rxf6 Rxh3 38. Kd4 {[%emt 0:00:26] Ke5+ Ke4+} 1/2-1/2

[Event "9th RTU Open 2019"]
[Site "Riga"]
[Date "2019.08.06"]
[Round "3.19"]
[White "Rehn, Ralf"]
[Black "Pultinevicius, Paulius"]
[Result "0-1"]
[ECO "B18"]
[WhiteElo "2161"]
[BlackElo "2481"]
[Annotator "ChessBase"]
[PlyCount "82"]
[EventDate "2019.08.05"]
[EventType "swiss"]
[EventCountry "LAT"]
[SourceTitle "playchess.com"]
[Source "ChessBase"]
[SourceQuality "1"]
[TimeControl "5400+30"]

1. e4 c6 2. d4 d5 3. Nc3 dxe4 4. Nxe4 Bf5 5. Ng3 Bg6 6. Nf3 Nd7 7. Nh4 e6 8. Nxg6 hxg6 9. Bd3 Ngf6 10. Qe2 Qc7 11. h3 O-O-O 12. Ne4 Nxe4 13. Bxe4 f5 14. Bd3 e5 15. c3 exd4 16. cxd4 Bb4+ 17. Bd2 Rhe8 18. Bxb4 Rxe2+ 19. Bxe2 Re8 20. Kf1 Nf6 21. Bf3 Qf4 22. Rd1 Rd8 23. Bc3 Ne4 24. Bxe4 fxe4 25. Ke2 Rf8 26. Rhf1 Qg5 27. Rg1 Qh5+ 28. Ke3 g5 29. d5 g4 30. dxc6 bxc6 31. hxg4 Qg5+ 32. Ke2 Qxg4+ 33. Ke1 Rf5 34. Bd4 Rd5 35. Rd2 Qd7 36. Bc3 Rxd2 37. Bxd2 Qd3 38. Kd1 Qb1+ 39. Bc1 Qxa2 40. Ke2 Qc4+ 41. Kd1 Qb3+ 0-1

[Event "9th RTU Open 2019"]
[Site "Riga"]
[Date "2019.08.06"]
[Round "3.20"]
[White "Batashevs, Arsens"]
[Black "Vogel, Roven"]
[Result "0-1"]
[ECO "B01"]
[WhiteElo "2004"]
[BlackElo "2456"]
[Annotator "ChessBase"]
[PlyCount "60"]
[EventDate "2019.08.05"]
[EventType "swiss"]
[EventCountry "LAT"]
[SourceTitle "playchess.com"]
[Source "ChessBase"]
[SourceQuality "1"]
[TimeControl "5400+30"]

1. Nf3 d5 2. e4 dxe4 3. Ng5 Bf5 4. Nc3 Nf6 5. d3 Bg4 6. Be2 Bxe2 7. Qxe2 exd3 8. Qf3 Nc6 9. O-O h6 10. Nge4 Nxe4 11. Nxe4 e6 12. Rd1 Qd5 13. Bf4 O-O-O 14. Rxd3 Nd4 15. Qe3 e5 16. Qh3+ f5 17. Nc3 Qa5 18. Rad1 Be7 19. Be3 g6 20. Bxd4 exd4 21. Rxd4 Rxd4 22. Rxd4 Bf6 23. Rd5 Qb4 24. Rb5 Re8 25. g4 Qc4 26. gxf5 Bxc3 27. f6+ Kb8 28. Qd7 Re1+ 29. Kg2 Qe4+ 30. f3 Re2+ 0-1

[Event "9th RTU Open 2019"]
[Site "Riga"]
[Date "2019.08.06"]
[Round "3.21"]
[White "Mikaelyan, Arman"]
[Black "Caglar, Sila"]
[Result "1-0"]
[ECO "B23"]
[WhiteElo "2454"]
[BlackElo "2306"]
[Annotator "ChessBase"]
[PlyCount "39"]
[EventDate "2019.08.05"]
[EventType "swiss"]
[EventCountry "LAT"]
[SourceTitle "playchess.com"]
[Source "ChessBase"]
[SourceQuality "1"]
[TimeControl "5400+30"]

1. e4 c5 2. Nc3 Nc6 3. Bb5 Nd4 4. Nf3 Nxb5 5. Nxb5 d6 6. d4 cxd4 7. Qxd4 a6 8. Nc3 Nf6 9. Bg5 h6 10. Bxf6 gxf6 11. O-O-O Rg8 12. Rhe1 Be6 13. Nd5 Rc8 14. Kb1 Qa5 15. g3 Qc5 16. Qd2 Bg7 17. Nh4 Kd7 18. Re3 Rge8 19. Rc3 Qa5 20. Rxc8 1-0

[Event "9th RTU Open 2019"]
[Site "Riga"]
[Date "2019.08.06"]
[Round "3.22"]
[White "Kulaots, Kaido"]
[Black "Olde, Margareth"]
[Result "1/2-1/2"]
[ECO "C84"]
[WhiteElo "2560"]
[BlackElo "2126"]
[Annotator "ChessBase"]
[PlyCount "77"]
[EventDate "2019.08.05"]
[EventType "swiss"]
[EventCountry "LAT"]
[SourceTitle "playchess.com"]
[Source "ChessBase"]
[SourceQuality "1"]
[TimeControl "5400+30"]

1. e4 e5 2. Nf3 Nc6 3. Bb5 a6 4. Ba4 Nf6 5. O-O Be7 6. d3 d6 7. c3 O-O 8. Re1 b5 9. Bc2 d5 10. exd5 Qxd5 11. Nbd2 Bg4 12. h3 Bh5 13. Qe2 Rfe8 14. Ne4 Rad8 15. Bg5 Nxe4 16. dxe4 Qd7 17. Be3 Bxf3 18. Qxf3 Na5 19. a4 Nc4 20. Bc1 Qc6 21. Rd1 Rxd1+ 22. Qxd1 Rd8 23. Qe2 Bc5 24. b3 Nd6 25. Bg5 f6 26. Bd2 b4 27. Bd3 bxc3 28. Bc4+ Kh8 29. Bd5 Qb6 30. Bxc3 c6 31. Bc4 Nxc4 32. bxc4 Qb3 33. Ba5 Rd4 34. Qg4 h6 35. Qc8+ Kh7 36. Qf5+ Kh8 37. Qc8+ Kh7 38. Qf5+ Kh8 39. Qc8+ 1/2-1/2

[Event "9th RTU Open 2019"]
[Site "Riga"]
[Date "2019.08.06"]
[Round "3.23"]
[White "Lazavik, Denis"]
[Black "Hovhannisyan, Robert"]
[Result "0-1"]
[ECO "D45"]
[WhiteElo "2339"]
[BlackElo "2640"]
[Annotator "ChessBase"]
[PlyCount "126"]
[EventDate "2019.08.05"]
[EventType "swiss"]
[EventCountry "LAT"]
[SourceTitle "playchess.com"]
[Source "ChessBase"]
[SourceQuality "1"]
[TimeControl "5400+30"]

1. d4 Nf6 2. c4 e6 3. Nf3 d5 4. Nc3 c6 5. e3 Nbd7 6. Qc2 Bd6 7. b3 O-O 8. Be2 b6 9. O-O Bb7 10. Bb2 Qe7 11. Rad1 Rad8 12. Rfe1 Rfe8 13. Bf1 e5 14. dxe5 Nxe5 15. Nd4 dxc4 16. Nf5 Qe6 17. Nxd6 Rxd6 18. Rxd6 Qxd6 19. Rd1 cxb3 20. axb3 Qe7 21. Ne4 Nd5 22. Ng3 Bc8 23. Bxe5 Qxe5 24. Qxc6 Nf6 25. Bc4 Be6 26. Bxe6 Qxe6 27. Qxe6 fxe6 28. Rc1 Rd8 29. Kf1 h5 30. Ke2 Rd5 31. Nf1 Ra5 32. Rc2 Ra1 33. h4 Ne4 34. Nd2 Nxd2 35. Kxd2 Rb1 36. Kc3 Kf7 37. b4 a5 38. bxa5 bxa5 39. Ra2 Rb5 40. Kc4 Rb4+ 41. Kc3 Rb5 42. Kc4 Re5 43. Ra3 Ke7 44. f4 Rf5 45. e4 Rxf4 46. Kd4 Rxh4 47. Rxa5 Kf6 48. Ke3 g5 49. Rb5 Rg4 50. Kf3 Rf4+ 51. Ke3 h4 52. Ra5 Rg4 53. Kf3 Rg3+ 54. Kf2 Rb3 55. Rc5 Rb2+ 56. Kf3 Kg6 57. Re5 Rb3+ 58. Kf2 Rb6 59. Ra5 Kh5 60. Kg1 Kg4 61. Kh2 Rb2 62. e5 Re2 63. Kg1 Kf4 0-1

[Event "9th RTU Open 2019"]
[Site "Riga"]
[Date "2019.08.06"]
[Round "3.24"]
[White "Ioannidis, Evgenios"]
[Black "Wagner, Dennis"]
[Result "1/2-1/2"]
[ECO "D97"]
[WhiteElo "2378"]
[BlackElo "2579"]
[Annotator "ChessBase"]
[PlyCount "79"]
[EventDate "2019.08.05"]
[EventType "swiss"]
[EventCountry "LAT"]
[SourceTitle "playchess.com"]
[Source "ChessBase"]
[SourceQuality "1"]
[TimeControl "5400+30"]

1. d4 Nf6 2. c4 g6 3. Nc3 d5 4. Nf3 Bg7 5. Qb3 dxc4 6. Qxc4 O-O 7. e4 Na6 8. Qa4 c5 9. Bxa6 cxd4 10. Nxd4 bxa6 11. Nde2 a5 12. O-O Bd7 13. Qa3 Bc6 14. Rd1 Qb6 15. Be3 Qb4 16. f3 Qxa3 17. bxa3 Rfc8 18. Rab1 Ne8 19. Nd4 Nd6 20. Nxc6 Rxc6 21. Nb5 Nxb5 22. Rxb5 Rc3 23. Bc5 Bf6 24. Rxa5 Rb8 25. Bb4 Rc2 26. Rxa7 Rxa2 27. Rad7 Bg5 28. Rc7 h5 29. Rc3 e5 30. Bd6 Rb5 31. Rc8+ Kh7 32. Bb4 Be3+ 33. Kf1 Bd4 34. Rd2 Rxd2 35. Bxd2 Rb2 36. Ke2 Ra2 37. a4 Rxa4 38. Rc2 Kg7 39. Be3 Bxe3 40. Kxe3 1/2-1/2

[Event "9th RTU Open 2019"]
[Site "Riga"]
[Date "2019.08.06"]
[Round "3.25"]
[White "Theodorou, Nikolas"]
[Black "Krykun, Yuriy"]
[Result "1-0"]
[ECO "E01"]
[WhiteElo "2543"]
[BlackElo "2342"]
[Annotator "ChessBase"]
[PlyCount "69"]
[EventDate "2019.08.05"]
[EventType "swiss"]
[EventCountry "LAT"]
[SourceTitle "playchess.com"]
[Source "ChessBase"]
[SourceQuality "1"]
[TimeControl "5400+30"]

1. d4 Nf6 2. c4 e6 3. g3 d5 4. Bg2 Bb4+ 5. Bd2 Bd6 6. Nf3 O-O 7. O-O Nbd7 8. Bc3 Ne4 9. Nbd2 f5 10. Nxe4 fxe4 11. Nd2 Nf6 12. e3 c6 13. f3 exf3 14. Nxf3 b6 15. Nd2 c5 16. cxd5 Nxd5 17. Qh5 g6 18. Qxd5 Rxf1+ 19. Rxf1 exd5 20. Bxd5+ Kg7 21. dxc5+ Be5 22. Bxe5+ Kh6 23. e4 Be6 24. Bxe6 Qe7 25. Bc3 Qxc5+ 26. Kg2 Rf8 27. Nf3 b5 28. a3 a5 29. Rf2 b4 30. axb4 axb4 31. Bd4 Qc1 32. h4 Re8 33. Ng5 Kh5 34. g4+ Kxh4 35. Nf3# 1-0